 Dungeon Crawl Stone Soup version 0.22-a0-877-g5c4e1af (webtiles) character file.

116 Amnesiac the Digger (level 4, 0/30 HPs)
             Began as a Mummy Earth Elementalist on July 29, 2018.
             Slain by an adder (3 damage)
             ... on level 5 of the Dungeon.
             The game lasted 00:02:46 (1046 turns).

Amnesiac the Digger (Mummy Earth Elementalist)      Turns: 1046, Time: 00:02:46

Health: 0/30       AC:  2    Str: 11    XL:     4   Next: 69%
Magic:  0/9        EV: 12    Int: 15    God:
Gold:   127        SH:  0    Dex: 12    Spells: 0/10 levels left

rFire    x . .     SeeInvis .   h - +0 long sword
rCold    + . .     Gourm    .   (no shield)
rNeg     + + +     Faith    .   c - +0 robe
rPois    ∞         Spirit   .   (no helmet)
rElec    .         Reflect  .   (no cloak)
rCorr    .         Harm     .   (no gloves)
MR       .....                  (no boots)
Stlth    ++........             (no amulet)
HPRegen  0.10/turn              (no ring)
MPRegen  0.11/turn              (no ring)

@: very slightly contaminated
A: no food or potions, fire vulnerability, cold resistance 1, negative energy
resistance 3, torment resistance, unbreathing
a: no special abilities


You were on level 5 of the Dungeon.
You were not hungry.

You visited 1 branch of the dungeon, and saw 5 of its levels.

You collected 127 gold pieces.

Inventory:

Hand Weapons
 d - a +0 dagger
 h - a +0 long sword (weapon)
Missiles
 b - 28 stones (quivered)
Armour
 c - a +0 robe (worn)
Magical Staves
 e - an uncursed staff of conjuration
Wands
 f - a wand of polymorph (8)
Scrolls
 a - a scroll of remove curse {!r, unknown}
 g - 3 scrolls of immolation {!r, unknown}


   Skills:
 - Level 1.5 Dodging
 - Level 1.5 Stealth
 + Level 3.9 Spellcasting
 - Level 0.7 Transmutations
 * Level 4.0 Earth Magic


You couldn't memorise any spells.
You knew the following spells:

 Your Spells              Type           Power        Failure   Level  Hunger
a - Sandblast             Erth           ###...       3%          1    N/A
b - Passwall              Tmut/Erth      ##......     11%         2    N/A
c - Stone Arrow           Conj/Erth      #.....       24%         3    N/A
e - Petrify               Tmut/Erth      ##......     56%         4    N/A

Your spell library contained the following spells:

 Spells                   Type           Power        Failure   Level  Hunger
 Lee's Rapid Deconstruct  Erth           ###.......   67%         5    N/A

Dungeon Overview and Level Annotations

Branches:
Dungeon (6/15)
 Temple: D:4-7

Altars:
Ashenzari
Xom

Annotations:
D:6 exclusion: skeleton


Innate Abilities, Weirdness & Mutations

You do not eat or drink.
Your flesh is vulnerable to fire.
You are immune to poison.
Your flesh is cold resistant. (rC+)
You are immune to negative energy. (rN+++)
You are immune to unholy pain and torment.
You can survive without breathing.


Message History

A worker ant comes into view.
The worker ant twitches its antennae in your direction.
You see here a long sword.
h - a long sword The worker ant bites you.
Wield which item (- for none, * to show all)? (? for menu, Esc to quit)
h - a +0 long sword (weapon)
The worker ant bites you.
Casting: Sandblast (safe; 3% risk of failure)
Confirm with . or Enter, or press ? or * to list all spells.
Aiming: Sandblast (safe; 3% risk of failure)
Press: ? - help, Shift-Dir - straight line, f - worker ant
Aim: a worker ant The blast of sand hits the worker ant.
b - 29 stones The worker ant bites you.
Casting: Sandblast (safe; 3% risk of failure)
Confirm with . or Enter, or press ? or * to list all spells.
Aiming: Sandblast (safe; 3% risk of failure)
Press: ? - help, Shift-Dir - straight line, f/p - worker ant
Aim: a worker ant You miscast Sandblast.
You are very lightly contaminated with residual magic.
Nothing appears to happen.
The worker ant bites you!
* * * LOW HITPOINT WARNING * * *
Casting: Sandblast (safe; 3% risk of failure)
Confirm with . or Enter, or press ? or * to list all spells.
Aiming: Stone Arrow (safe; 24% risk of failure)
Press: ? - help, Shift-Dir - straight line, f/p - worker ant
Aim: a worker ant You miscast Stone Arrow.
You feel a surge of energy from the ground.
The worker ant bites you.
* * * LOW HITPOINT WARNING * * *
Casting: Stone Arrow (safe; 24% risk of failure)
Confirm with . or Enter, or press ? or * to list all spells.
Aiming: Stone Arrow (safe; 24% risk of failure)
Press: ? - help, Shift-Dir - straight line, f/p - worker ant
Aim: a worker ant The stone arrow hits the worker ant.
The worker ant is moderately wounded.
The worker ant misses you.
You riposte.
You closely miss the worker ant.
The worker ant is moderately wounded.
Casting: Stone Arrow (safe; 24% risk of failure)
Confirm with . or Enter, or press ? or * to list all spells.
Aiming: Sandblast (safe; 3% risk of failure)
Press: ? - help, Shift-Dir - straight line, f/p - worker ant
Aim: a worker ant (moderately wounded)
The blast of sand hits the worker ant.
The worker ant is severely wounded.
b - 28 stones The worker ant bites you.
* * * LOW HITPOINT WARNING * * *
The worker ant completely misses you.
You riposte.
You barely miss the worker ant.
The worker ant is severely wounded.
Evoke which item? (* to show all) (? for menu, Esc to quit)
Aiming: Polymorph
Press: ? - help, Shift-Dir - straight line, f/p - worker ant
Aim: a worker ant (severely wounded, chance to defeat MR: 54%)
You can't see any item there.
The worker ant evaporates and reforms as an adder!
The adder bites you.
You die...

.. . . .# ##. .#
#. .. ... ...
#.#.##.####..
#........$.# .
#.....$.$..# ..
#....S.....##...
#.....@........
#..........###
#..........#
#........>.#
#..........#
#..........#
##.....#####
###..## #.>.


You could see an adder.

Vanquished Creatures
  A bullfrog (D:6)
  A jelly (D:6)
  A dart slug (D:3)
  A leopard gecko (D:2)
  A bat (D:3)
  A goblin (D:3)
  3 jackals (D:6)
  3 kobolds
  A quokka (D:6)
  A ball python (D:3)
  A frilled lizard (D:3)
  A leopard gecko skeleton (D:5)
16 creatures vanquished.

Notes
Turn   | Place    | Note
-------+----------+-------------------------------------------
     0 | D:1      | Amnesiac the Mummy Earth Elementalist began the quest for the Orb.
     0 | D:1      | Reached XP level 1. HP: 13/13 MP: 4/4
   239 | D:3      | Reached XP level 2. HP: 16/19 MP: 2/5
   244 | D:3      | Learned a level 2 spell: Passwall
   253 | D:3      | Reached skill level 3 in Earth Magic
   311 | D:3      | You fall through a shaft for 2 floors!
   311 | D:5      | Entered Level 5 of the Dungeon
   311 | D:5      | Found a shimmering altar of Xom.
   311 | D:5      | Noticed a water moccasin
   479 | D:6      | Found a shattered altar of Ashenzari.
   675 | D:6      | Noticed a bullfrog
   680 | D:6      | Killed a bullfrog
   680 | D:6      | Reached XP level 3. HP: 19/24 MP: 1/8
   680 | D:6      | Reached XP level 4. HP: 24/30 MP: 1/9
   697 | D:6      | Reached skill level 4 in Earth Magic
   764 | D:6      | Learned a level 3 spell: Stone Arrow
   769 | D:6      | Learned a level 4 spell: Petrify
  1046 | D:5      | Slain by an adder

Vault maps used:
D:1:      mrwooster_arrival_statue_2
D:2:      first_ration, uniq_terence, uniq_robin
D:3:      tso_oasis_becter, old_standard_altar
D:5:      xom_confusion_cloud, uniq_grinder, uniq_ijyb, uniq_eustachio
D:6:      nicolae_ashenzari_panopticon, minmay_temple_entry_poolview

Skill      XL: |  1  2  3  4 |
---------------+-------------+-----
Earth Magic    | 3 4 |  4.0
Spellcasting   | 3 |  3.9
Dodging        | |  1.5
Stealth        | |  1.5
Transmutations | |  0.7

Action                   |  1- 3 |  4- 6 || total
-------------------------+-------+-------++-------
Melee: Dagger            |    18 |       ||    18
 Cast: Sandblast         |    11 |     8 ||    19
       Passwall          |     4 |       ||     4
       Stone Arrow       |       |     1 ||     1
Evoke: Wand              |       |     1 ||     1
 Stab: Sleeping          |     1 |       ||     1
Armor: Robe              |     4 |     1 ||     5
Dodge: Dodged            |    16 |     3 ||    19
       Rpst.: Long sword |       |     2 ||     2

Table legend:
 A = Spawn XP
 B = Non-spawn XP
 C = Spawn XP percentage of total XP
 D = Spawn monster count
 E = Non-spawn monster count
 F = Spawn count percentage of total count
 G = Total turns spent on level
                    A         B        C        D         E        F      G
               +---------+---------+-------+---------+---------+-------+---------
         Total |       0 |     166 |   0.0 |       0 |      16 |   0.0 |  1046
               +---------+---------+-------+---------+---------+-------+---------
           D:1 |       0 |       2 |   0.0 |       0 |       1 |   0.0 |    28
           D:2 |       0 |       3 |   0.0 |       0 |       1 |   0.0 |    43
           D:3 |       0 |      14 |   0.0 |       0 |       7 |   0.0 |   240
           D:5 |       0 |       1 |   0.0 |       0 |       1 |   0.0 |    30
           D:6 |       0 |     146 |   0.0 |       0 |       6 |   0.0 |   705
               +---------+---------+-------+---------+---------+-------+---------
